 Dungeon Crawl Stone Soup version 0.31-a0-1447-g87ca8d402b (webtiles) character file.

Game seed: 7612360329080779587

767 Curundu the Trooper (level 7, -5/62 HPs)
             Began as a Minotaur Berserker on Dec 28, 2023.
             Was a Priest of Trog.
             Slain by an ogre
             ... wielding a +0 giant club
              (18 damage)
             ... on level 5 of the Dungeon.
             The game lasted 00:10:02 (3084 turns).

Curundu the Trooper (Minotaur Berserker)            Turns: 3084, Time: 00:10:02

Health: -5/62      AC: 12    Str: 23    XL:     7   Next: 52%
Magic:  0/6        EV: 10    Int:  4    God:    Trog [***...]
Gold:   103        SH:  0    Dex: 10    Spells: 6/6 levels left

rFire   . . .        t - +2 flail (drain)
rCold   . . .        (no shield)
rNeg    . . .        v - +0 chain mail
rPois   .            (helmet restricted)
rElec   .            m - +0 cloak
rCorr   .            (no gloves)
SInv    +            p - +0 pair of boots
Will    .....        e - amulet of guardian spirit Stlth
                     n - ring of see invisible
HPRegen 0.30/turn    (no ring)
MPRegen 0.10/turn

%: guardian spirit
@: no status effects
A: horns 2, retaliatory headbutt
a: Renounce Religion, Berserk, Trog's Hand


You were on level 5 of the Dungeon.
You worshipped Trog.
Trog was most pleased with you.
You visited 1 branch of the dungeon, and saw 5 of its levels.

You collected 103 gold pieces.

Inventory:

Hand Weapons
 t - a +2 flail of draining (weapon)
 y - a +2 rapier of speed
Missiles
 i - 6 poisoned darts
 C - 4 atropa-tipped darts
Armour
 m - a +0 cloak (worn)
 p - a +0 pair of boots (worn)
 v - a +0 chain mail (worn)
Jewellery
 d - a ring of flight
 e - an amulet of guardian spirit (around neck)
 n - a ring of see invisible (left hand)
Wands
 w - a wand of light (9)
 D - a wand of paralysis (5)
Scrolls
 a - 2 scrolls of immolation {unknown}
 c - 5 scrolls of identify {unknown}
 f - a scroll of revelation {unknown}
 g - a scroll of teleportation {unknown}
 l - a scroll of fog {unknown}
 q - a scroll of blinking {unknown}
 u - a scroll of butterflies {unknown}
 x - a scroll of noise {unknown}
 z - a scroll of poison {unknown}
 A - a scroll of vulnerability {unknown}
Potions
 b - 5 potions of curing {unknown}
 h - a potion of heal wounds {unknown}
 j - a potion of lignification {unknown}
 k - a potion of magic {unknown}
 o - a potion of degeneration {unknown}
 r - a potion of resistance {unknown}
 s - 2 potions of might {unknown}
 B - 2 potions of haste {unknown}


   Skills:
 + Level 5.6 Fighting
 + Level 4.5 Short Blades
 + Level 1.9 Maces & Flails
 + Level 4.5 Polearms
 + Level 4.8 Armour
 + Level 4.6 Dodging
 + Level 0.8 Stealth


You had 6 spell levels left.
You didn't know any spells.
Your spell library was empty.

Dungeon Overview and Level Annotations

Branches:
Dungeon (5/15)             Temple (0/1) D:4

Altars:
Kikubaaqudgha
Okawaru
Zin

Shops:
D:1 *


Innate Abilities, Weirdness & Mutations

You have a pair of horns on your head.
You reflexively headbutt those who attack you in melee.


Message History

Trog accepts your kill.
You closely miss the adder. Your punch misses the adder.
An ogre comes into view. It is wielding a +0 giant club.
The adder closely misses you.
You closely miss the adder. Your headbutt misses the adder.
You punch the adder.
The adder is heavily wounded.
The adder closely misses you. The adder barely misses you.
You thump the adder!
You kill the adder!
Trog accepts your kill. The orc hits you with a +0 short sword.
Things that are here:
a +0 trident; an orc corpse The orc closely misses you.
You furiously retaliate!
You headbutt the orc. You completely miss the orc.
The orc is severely wounded.
The orc closely misses you.
You barely miss the orc. Your headbutt misses the orc.
The orc is severely wounded.
The orc hits you with a +0 short sword.
The ogre hits you with a +0 giant club!!
The orc closely misses you. You furiously retaliate!
You headbutt the orc.
You kill the orc!
Trog accepts your kill.
Found a silvery potion.
The ogre hits you with a +0 giant club!!
An adder comes into view.
You see here a +0 short sword.
You barely miss the ogre.
The adder hisses angrily.
Your headbutt misses the ogre. The ogre hits you with a +0 giant club!
* * * LOW HITPOINT WARNING * * *
You thump the ogre!
The ogre is moderately wounded.
The ogre closely misses you. You furiously retaliate!
You headbutt the ogre. You thump the ogre!
The ogre is severely wounded.
The ogre hits you with a +0 giant club!!
You die...

..........!....
..................
..................
#..................
#..................
...........S.......
...................
...........@O......
..........)........
..[................
#...............)..
#.............(....
#..................
#......$...........
#..................
#..)...............


You could see an ogre and an adder.

Vanquished Creatures
  Sigmund (D:3)
  A water moccasin (D:4)
  2 phantoms
  2 hounds (D:4)
  An orc priest (D:3)
  Jessica (D:3)
  3 orc wizards
  6 adders
  2 ufetubi (D:5)
  A worm (D:3)
  4 dart slugs (D:1)
  14 orcs
  7 ball pythons
  4 bats
  5 endoplasms
  3 giant cockroaches
  5 goblins
  6 hobgoblins
  4 jackals (D:1)
  A quokka (D:4)
  6 frilled lizards
  5 kobolds
  4 rats
88 creatures vanquished.

Notes
Turn   | Place    | Note
-------+----------+-------------------------------------------
     0 | D:1      | Curundu the Minotaur Berserker began the quest for the Orb.
     0 | D:1      | Reached XP level 1. HP: 19/19 MP: 0/0
   146 | D:1      | Found Rojuci's Assorted Antiques.
   152 | D:1      | Reached XP level 2. HP: 27/27 MP: 1/1
   191 | D:1      | Reached skill level 4 in Fighting
   567 | D:1      | Reached XP level 3. HP: 31/34 MP: 0/2
  1131 | D:2      | Reached ** piety under Trog
  1679 | D:2      | Reached skill level 1 in Short Blades
  1740 | D:3      | Reached XP level 4. HP: 41/41 MP: 1/3
  1811 | D:3      | Noticed Jessica
  1816 | D:3      | Noticed Sigmund
  1821 | D:3      | Killed Jessica
  1835 | D:3      | Killed Sigmund
  1836 | D:3      | Reached skill level 5 in Fighting
  1836 | D:3      | Reached XP level 5. HP: 24/48 MP: 4/4
  1836 | D:3      | Reached XP level 6. HP: 28/56 MP: 5/5
  2006 | D:3      | Found a glowing silver altar of Zin.
  2030 | D:3      | Found an ancient bone altar of Kikubaaqudgha.
  2348 | D:4      | Noticed a water moccasin
  2354 | D:4      | Killed a water moccasin
  2434 | D:4      | Found a staircase to the Ecumenical Temple.
  2641 | D:4      | Found an iron altar of Okawaru.
  2682 | D:4      | Reached *** piety under Trog
  2683 | D:4      | Reached XP level 7. HP: 61/61 MP: 6/6
  2782 | D:4      | Reached skill level 1 in Maces & Flails
  2937 | D:5      | Entered Level 5 of the Dungeon
  3084 | D:5      | Slain by an ogre

Illustrated notes

Levels and vault maps discovered:
D:1:      eino_arrival_water_cross, layout_basic, serial_shops,
          nicolae_shop_crystal
D:2:      layout_basic
D:3:      layout_rooms, amethyst_overflow_temple_binary, palyth_stone_intersect,
          uniq_jessica, uniq_sigmund
D:4:      layout_basic, okawaru_ov_weapons_minmay, temple_hall
D:5:      layout_basic

Skill      XL: |  1  2  3  4  5  6  7 |
---------------+----------------------+-----
Polearms       | 4 |  4.5
Fighting       | 4 5 |  5.6
Short Blades   | 1 2 4 |  4.5
Armour         | 3 4 |  4.8
Dodging        | 3 4 |  4.6
Maces & Flails | 1 |  1.9
Stealth        | |  0.8

Action                     |  1- 3 |  4- 6 |  7- 9 || total
---------------------------+-------+-------+-------++-------
  Melee: Spear             |    13 |       |       ||    13
         Dagger            |    90 |    76 |       ||   166
         Headbutt          |    15 |    15 |     3 ||    33
         Punch             |     1 |     2 |     1 ||     4
         Flail             |       |    18 |    36 ||    54
 Invoke: Trog's Hand       |       |     1 |       ||     1
 Armour: Animal skin       |    47 |       |       ||    47
         Scale mail        |    17 |    53 |       ||    70
         Ring mail         |     7 |       |       ||     7
         Chain mail        |       |    14 |    41 ||    55
  Dodge: Dodged            |    78 |    50 |    30 ||   158

Table legend: (Time is in decaauts)
 A = Elapsed time spent in this place.
 B = Non-inter-level travel time spent in this place.
 C = Inter-level travel time spent in this place.
 D = Time resting spent in this place.
 E = Time spent auto-exploring this place.
 F = Levels seen in this place.
 G = Mean time per level.
                   A        B        C        D        E       F      G
               +--------+--------+--------+--------+--------+-----+--------+
         Total |   3093 |   3093 |      0 |      0 |   2198 |   5 |  618.6 |
       Dungeon |   3093 |   3093 |      0 |      0 |   2198 |   5 |  618.6 |
               +--------+--------+--------+--------+--------+-----+--------+

Top non-repeatable levels by time:
     D:1: 1010 daAuts
     D:2: 693 daAuts
     D:3: 635 daAuts
     D:4: 600 daAuts
     D:5: 154 daAuts
